Map: 锈化山巅-天梯版

Players

wanted

  • Race: Zerg Zerg

iGMacSed (MacSed) - Winner!

  • Race: Protoss Protoss
  • League: Master

Event: DreamHack SC2 Masters 2021 Winter

VOD

Have the link to the VOD?

Description

Time

  • Played on: Oct. 6, 2021, 9:43 a.m.
  • Length: 14:27

All games in this series

Show
View Real Time Build Order
Export as new Build Order

wanted Zerg 

Build Orders: Hatch First 

Get SALT Encoding   

  12  0:00  Drone  
  13  0:08  Drone  
  14  0:16  Overlord  
  14  0:22  Extractor  
  14  0:23  Drone  
  15  0:36  Drone x2  
  17  0:52  Hatchery  
  17  0:55  Drone  
  17  0:58  Drone  
  18  1:09  Extractor  
  17  1:14  Spawning Pool  
  17  1:17  Drone  
  17  1:20  Drone  
  18  1:27  Drone  
  19  1:38  Overlord  
  19  1:48  Drone  
  20  2:00  Queen  
  23  2:01  Zergling x2  
  23  2:04  Queen  
  23  2:05  Zergling x2  
  26  2:11  Drone  
  26  2:13  Metabolic Boost  
  27  2:16  Drone  
  27  2:20  Drone  
  29  2:27  Drone  
  30  2:40  Queen  
  32  2:47  Hatchery, Zergling x2  
  32  2:51  Overlord  
  32  2:54  Overlord  
  32  3:01  Drone x2  
  32  3:02  Drone  
  32  3:04  Drone  
  36  3:14  Queen  
  36  3:19  Drone x3  
  41  3:25  Queen  
  43  3:28  Overlord  
  43  3:35  Drone x2  
  43  3:37  Overlord  
  45  3:46  Spore Crawler  
  45  3:47  Drone x2  
  45  3:48  Drone  
  47  3:49  Drone  
  47  3:50  Drone  
  47  3:55  Spore Crawler  
  48  3:58  Zergling x4  
  48  3:59  Zergling x2  
  48  4:02  Drone  
  52  4:06  Queen  
  54  4:11  Drone x2  
  54  4:13  Drone  
  54  4:14  Drone  
  58  4:17  Drone x2  
  60  4:27  Evolution Chamber, Overlord  
  60  4:28  Drone x3  
  62  4:32  Drone x2  
  64  4:38  Drone x3  
  64  4:47  Drone x5  
  64  4:49  Lair  
  64  4:52  Extractor  
  68  4:53  Spore Crawler  
  67  5:00  Zerg Melee Weapons Level 1  
  67  5:02  Overlord x2  
  67  5:05  Drone x3  
  69  5:11  Overlord  
  69  5:12  Drone x3  
  72  5:21  Drone x6, Roach Warren  
  77  5:23  Drone  
  77  5:24  Drone  
  79  5:32  Overlord  
  79  5:33  Queen x2  
  83  5:38  Extractor  
  83  5:39  Extractor  
  81  5:43  Hatchery  
  81  5:48  Drone x2  
  81  5:49  Drone x4  
  86  5:53  Drone  
  86  5:54  Extractor  
  86  5:55  Extractor  
  85  5:58  Zergling x12  
  85  5:59  Overseer  
  90  6:06  Overlord  
  90  6:08  Drone x3  
  93  6:12  Spire  
  93  6:14  Infestation Pit  
  93  6:16  Queen  
  93  6:17  Overlord  
  93  6:28  Queen x2  
  97  6:33  Drone x2  
  97  6:34  Drone x3  
  97  6:35  Baneling Nest  
  97  6:37  Overseer, Evolution Chamber  
  97  6:39  Drone x3  
  103  6:47  Drone  
  103  6:48  Drone x6  
  110  6:56  Overlord x4  
  110  7:02  Hive  
  110  7:05  Pneumatized Carapace  
  109  7:14  Roach x5  
  109  7:15  Glial Reconstitution  
  119  7:18  Roach  
  119  7:19  Roach x2  
  125  7:23  Roach x3  
  129  7:31  Baneling x13  
  129  7:33  Centrifugal Hooks  
  129  7:34  Zerg Melee Weapons Level 2  
  129  7:41  Roach x6  
  129  7:43  Overlord  
  141  7:48  Overlord x2  
  141  7:50  Drone x4  
  144  7:57  Zerg Missile Weapons Level 1  
  140  7:59  Queen x2  
  140  8:00  Queen  
  145  8:06  Zergling x2  
  145  8:07  Zergling x16  
  145  8:09  Overseer x3  
  145  8:11  Drone  
  155  8:18  Zerg Flyer Weapons Level 1  
  155  8:23  Drone  
  155  8:24  Drone x4, Adrenal Glands, Extractor  
  155  8:26  Extractor  
  156  8:27  Overlord x3  
  156  8:34  Baneling x11, Queen  
  156  8:35  Zergling x2  
  156  8:36  Zergling x2  
  156  8:37  Zergling x2  
  161  8:51  Zergling x12  
  161  8:53  Hatchery  
  166  8:56  Spine Crawler  
  166  8:57  Spine Crawler  
  166  8:59  Viper x2, Spore Crawler  
  169  9:06  Zergling x6  
  173  9:12  Hatchery  
  173  9:14  Zergling x6  
  174  9:23  Ultralisk Cavern  
  173  9:25  Baneling x4, Overlord  
  173  9:29  Zergling x16  
  173  9:30  Hatchery  
  166  9:55  Corruptor  
  166  9:56  Corruptor x8  
  166  9:59  Zergling x12  
  176  10:09  Drone x3  
  176  10:12  Viper  
  175  10:14  Zergling x14  
  181  10:28  Zergling x10  
  174  10:31  Chitinous Plating, Queen x2  
  178  10:37  Zergling x16  
  178  10:38  Zergling x10  
  182  10:47  Corruptor  
  182  10:48  Corruptor x4  
  192  10:54  Viper  
  192  10:56  Hatchery  
  194  11:05  Corruptor x2  
  198  11:15  Baneling x8  
  198  11:16  Burrow  
  198  11:20  Drone x2  
  198  11:22  Extractor  
  198  11:23  Extractor  
  198  11:24  Baneling x7  
  198  11:28  Hatchery  
  198  11:29  Overseer  
  197  11:37  Nydus Network  
  196  11:45  Baneling x9  
  196  11:50  Anabolic Synthesis  
  192  12:11  Ultralisk  
  195  12:18  Ultralisk  
  195  12:46  Nydus Canal  
  193  12:53  Ultralisk  
  193  12:54  Zergling x8  
  193  12:56  Ultralisk  
  198  13:12  Zergling x18  
  192  13:13  Zergling x2  
  192  13:14  Zergling x20  
  156  13:22  Ultralisk x5, Zergling x2  
  156  13:23  Zergling x44  
  197  13:32  Overlord x3  
  182  13:40  Overlord x2  
  174  13:42  Zergling x8  
  168  13:48  Zergling x6  
  155  14:03  Zergling x16  
  155  14:05  Zergling x10  
Show
View Real Time Build Order
Export as new Build Order

iGMacSed Protoss - Winner!

Build Orders: 1 Gate Expand, Oracle Opening 

Get SALT Encoding   

  12  0:00  Probe  
  13  0:12  Probe  
  14  0:19  Pylon  
  14  0:24  Probe  
  15  0:37  Probe (Chrono Boost)  
  15  0:39  Gateway  
  16  0:46  Probe (Chrono Boost)  
  16  0:49  Assimilator  
  17  0:51  Probe  
  18  1:03  Probe  
  19  1:15  Probe  
  20  1:26  Nexus  
  20  1:36  Cybernetics Core  
  20  1:39  Probe  
  21  1:44  Assimilator  
  21  1:51  Probe  
  22  1:55  Pylon  
  22  2:04  Probe  
  23  2:10  Adept (Chrono Boost)  
  25  2:16  Probe  
  25  2:22  Stargate  
  26  2:26  Warp Gate  
  26  2:28  Probe (Chrono Boost)  
  27  2:32  Adept  
  29  2:38  Probe (Chrono Boost)  
  29  2:40  Probe (Chrono Boost)  
  31  2:47  Probe (Chrono Boost)  
  31  2:48  Probe (Chrono Boost)  
  33  2:52  Probe (Chrono Boost)  
  33  2:54  Probe  
  35  2:58  Void Ray (Chrono Boost)  
  35  3:04  Probe  
  40  3:06  Probe  
  40  3:11  Gateway  
  41  3:16  Gateway, Probe  
  41  3:19  Probe  
  43  3:22  Pylon  
  43  3:28  Probe  
  43  3:31  Probe  
  45  3:37  Oracle (Chrono Boost)  
  45  3:40  Probe  
  49  3:43  Probe  
  50  3:53  Nexus, Probe  
  51  3:56  Probe, Pylon  
  52  4:05  Assimilator, Probe  
  52  4:08  Assimilator, Probe  
  54  4:10  Stargate  
  54  4:17  Probe (Chrono Boost)  
  54  4:21  Forge  
  56  4:26  Probe (Chrono Boost)  
  56  4:29  Protoss Air Weapons Level 1, Probe (Chrono Boost)  
  57  4:33  Shield Battery  
  57  4:34  Probe x2 (Chrono Boost)  
  59  4:40  Pylon  
  59  4:43  Probe, Pylon  
  59  4:45  Probe  
  61  4:48  Robotics Facility  
  61  4:50  Void Ray (Chrono Boost)  
  61  4:55  Probe  
  61  4:59  Void Ray (Chrono Boost)  
  70  5:02  Probe  
  71  5:07  Probe  
  71  5:08  Probe  
  74  5:14  Probe  
  74  5:15  Photon Cannon  
  74  5:17  Void Ray (Chrono Boost)  
  74  5:19  Probe  
  74  5:20  Probe, Shield Battery  
  76  5:26  Probe  
  81  5:31  Probe, Pylon  
  81  5:32  Probe  
  81  5:34  Void Ray (Chrono Boost)  
  83  5:37  Observer  
  83  5:38  Probe  
  89  5:44  Probe x2, Pylon  
  91  5:52  Gateway  
  91  5:53  Void Ray, Gateway  
  91  5:54  Gateway  
  91  5:58  Gateway  
  91  6:03  Gateway  
  95  6:07  Gateway  
  95  6:08  Void Ray  
  95  6:10  Probe  
  96  6:13  Observer  
  101  6:18  Probe x2  
  101  6:19  Assimilator  
  101  6:21  Zealot x2, Assimilator  
  101  6:23  Probe  
  108  6:27  Robotics Bay  
  108  6:33  Robotics Facility  
  108  6:34  Probe  
  109  6:52  Pylon  
  109  6:53  Pylon  
  109  6:54  Pylon x2  
  109  6:58  Pylon  
  109  7:00  Photon Cannon  
  109  7:02  Pylon  
  109  7:03  Shield Battery  
  109  7:04  Void Ray  
  109  7:12  Zealot x3  
  109  7:13  Zealot x5  
  129  7:24  Photon Cannon  
  129  7:26  Photon Cannon  
  129  7:28  Shield Battery  
  129  7:37  Zealot x8  
  129  7:40  Disruptor (Chrono Boost)  
  148  7:48  Disruptor (Chrono Boost)  
  135  8:05  Void Ray x2 (Chrono Boost), Disruptor (Chrono Boost)  
  120  8:13  Disruptor (Chrono Boost)  
  131  8:26  Probe  
  131  8:32  Disruptor (Chrono Boost)  
  131  8:34  Protoss Ground Weapons Level 1  
  131  8:35  Void Ray x2  
  142  8:41  Twilight Council  
  142  8:44  Nexus  
  142  8:45  Zealot x7  
  155  8:51  Zealot  
  155  8:52  Observer  
  157  8:59  Observer  
  157  9:00  Photon Cannon  
  157  9:02  Shield Battery  
  157  9:06  Pylon  
  157  9:07  Pylon  
  151  9:10  Fleet Beacon  
  149  9:17  Blink  
  149  9:24  Probe  
  150  9:30  Templar Archives  
  150  9:31  Zealot  
  150  9:34  Zealot x2  
  154  9:41  Pylon  
  154  9:42  Sentry  
  154  9:43  Stalker, Pylon  
  154  9:44  Zealot x3  
  148  9:54  Zealot  
  148  9:59  Probe  
  150  10:01  Disruptor x2 (Chrono Boost)  
  150  10:06  Photon Cannon  
  156  10:07  Zealot x4, Protoss Air Armor Level 1  
  156  10:08  Shield Battery  
  160  10:35  Immortal x2 (Chrono Boost)  
  146  10:48  Probe x3, Protoss Ground Weapons Level 2 (Chrono Boost)  
  143  10:56  High Templar x4  
  151  10:57  High Templar x2  
  151  11:00  Archon  
  151  11:01  Gateway, Archon x2  
  151  11:03  Gateway  
  151  11:04  Immortal x2 (Chrono Boost)  
  155  11:05  Gateway x2  
  155  11:08  Probe x2  
  165  11:15  Probe  
  166  11:25  High Templar x2  
  170  11:27  Probe x2  
  172  11:33  Immortal (Chrono Boost)  
  172  11:35  Immortal (Chrono Boost)  
  172  11:36  Assimilator  
  172  11:37  Archon  
  172  11:38  Stalker x2  
  184  11:54  Zealot x2  
  188  12:04  Observer (Chrono Boost)  
  188  12:07  High Templar x2  
  195  12:10  Warp Prism (Chrono Boost)  
  175  12:17  Pylon  
  175  12:19  Pylon x2  
  175  12:23  Pylon  
  175  12:24  Pylon  
  175  12:28  Pylon x2  
  175  12:29  Archon  
  175  12:33  Warp Prism (Chrono Boost)  
  175  12:37  Stalker x6  
  184  13:01  Stalker x8  
  178  13:25  Stalker x5  
  178  13:26  Stalker x2  
  188  13:33  Zealot  
  190  13:39  Zealot x3  
  192  13:47  Zealot  
  179  13:56  Zealot x3  

Tags
 
Add a new tag
Caveats
  • Supply blocks, unpowered buildings, or Contaminate may cause inaccurate times.
  • Supply counts are checked every 10 seconds.